 Dungeon Crawl Stone Soup version 0.28.0-43-g3370ac3207 (webtiles) character file.

Game seed: 17231994504792294831

118 nickcage the Gusty (level 4, 0/33 HPs)
             Began as a Draconian Air Elementalist on Mar 8, 2022.
             Succumbed to an adder's poison
             ... in a sewer.
             The game lasted 00:13:07 (3178 turns).

nickcage the Gusty (Draconian Air Elementalist)     Turns: 3178, Time: 00:13:07

Health: 0/33       AC:  5    Str: 10    XL:     4   Next: 72%
Magic:  5/7        EV: 12    Int: 24    God:
Gold:   104        SH:  0    Dex: 11    Spells: 3/7 levels left

rFire   . . .      SeeInvis .   j - staff of air
rCold   . . .      Faith    .   (no shield)
rNeg    . . .      Spirit   .   (armour unavailable)
rPois   +          Reflect  .   (helmet restricted)
rElec   +          Harm     .   (no cloak)
rCorr   .          Rampage  .   (no gloves)
Will    .....                   (no boots)
Stlth   ++........              (no amulet)
HPRegen 0.11/turn               e - +6 ring of intelligence
MPRegen 0.10/turn               f - ring of poison resistance

@: mighty, lethally poisoned (0 -> -4)
A: AC +5, unfitting armour, cold-blooded
a: no special abilities


You were in a sewer.
You visited 1 branch of the dungeon, and saw 3 of its levels.
You also visited: Sewer.

You collected 104 gold pieces.

Inventory:

Hand Weapons
 a - a +0 dagger
 k - a +1 short sword of holy wrath
Magical Staves
 j - a staff of air (weapon)
 m - a staff of death
Jewellery
 e - a +6 ring of intelligence (left hand)
 f - a ring of poison resistance (right hand)
 n - a ring of protection from fire
Scrolls
 b - a scroll of teleportation
 o - a scroll of identify {unknown}
Potions
 c - a potion of cancellation
 d - a potion of resistance {unknown}
 g - a potion of mutation {unknown}
 h - a potion of might
 i - 2 potions of invisibility {unknown}
 l - 2 potions of flight {unknown}


   Skills:
 - Level 0.2 Short Blades
 - Level 1.7 Dodging
 - Level 1.7 Stealth
 - Level 2.0 Spellcasting
 + Level 2.8 Conjurations
 + Level 4.7 Air Magic


You had 3 spell levels left.
You knew the following spells:

 Your Spells              Type           Power      Damage    Failure   Level
a - Shock                 Conj/Air       100%       1d9       2%          1
b - Swiftness             Air            37%        N/A       5%          3

Your spell library contained the following spells:

 Spells                   Type           Power      Damage    Failure   Level
 Static Discharge         Conj/Air       30%        N/A       3%          2
 Airstrike                Air            18%        N/A       17%         4


Dungeon Overview and Level Annotations

Branches:
Dungeon (3/15)              Sewer (1/1)

Altars:
Trog


Innate Abilities, Weirdness & Mutations

Your plain brown scales are hard. (AC +5)
You cannot fit into any form of body armour.
You are cold-blooded and may be slowed by cold attacks.


Message History

Moving in this stuff is going to be slow.
The adder bites you but does no damage. x2; The adder misses you.
The adder bites you.
You enter the shallow water.
Moving in this stuff is going to be slow.
The adder bites you. x2
You are poisoned.
The adder poisons you!
You feel very sick.
The adder bites you but does no damage. x2
You feel sick. The adder misses you. The adder closely misses you.
You feel sick. The adder closely misses you. The adder barely misses you. x2
You feel sick.
You are no longer poisoned.
The adder bites you but does no damage. The adder misses you.
The adder completely misses you. The adder bites you.
The adder barely misses you. The adder misses you.
The adder closely misses you. The adder barely misses you. The adder bites you.
The adder barely misses you.
Aiming: Shock (safe; 2% risk of failure)
Press: ? - help, Q - select action, (/) - cycle Shift-Dir - straight line, f - adder
Aim: an adder (57% to hit)
You feel a surge of power!
The zap misses the adder.
The adder closely misses you. The adder bites you.
It was a potion of cancellation.
You feel magically purged. The adder bites you.
* * * LOW HITPOINT WARNING * * *
You are poisoned.
The adder poisons you! The adder bites you.
* * * LOW HITPOINT WARNING * * *
The adder misses you. The adder barely misses you.
It was a potion of might.
You feel very mighty all of a sudden.
* * * LOW HITPOINT WARNING * * *
You feel sick.
The adder bites you but does no damage. x2
Aiming: Shock (safe; 2% risk of failure)
Press: ? - help, Q - select action, (/) - cycle Shift-Dir - straight line, f/p - adder
Aim: an adder (57% to hit)
You feel a surge of power!
The zap misses the adder.
You die...

############################
≈≈≈≈≈≈≈≈≈≈.≈≈.≈..≈≈†≈≈.≈≈≈..
≈≈≈≈≈≈≈.≈≈S≈≈≈≈≈≈≈≈≈≈≈≈≈≈≈≈≈
≈≈≈≈≈≈≈≈≈≈S@.≈.≈≈≈≈≈≈≈≈≈≈.≈≈
#######≈≈≈##################
#≈≈≈# ###### ###### #.≈≈#
#....# ....#
#≈≈≈#####''#####''####
#.≈≈≈.≈..............∩
#.≈≈≈≈...............∩
#≈≈≈#####''#####++#### #≈≈≈#
#....#


You could see 2 adders.

Vanquished Creatures
  2 adders (D:2)
  3 river rats (Sewer)
  2 worms
  A dart slug (D:1)
  An orc (D:3)
  6 endoplasms
  5 giant cockroaches
  3 hobgoblins
  A jackal (Sewer)
  3 kobolds
  A quokka (D:1)
  12 ball pythons
  9 bats
  5 frilled lizards
  3 goblins (D:1)
  6 rats
63 creatures vanquished.

Notes
Turn   | Place    | Note
-------+----------+-------------------------------------------
     0 | D:1      | nickcage the Draconian Air Elementalist began the quest for
                  | the Orb.
     0 | D:1      | Reached XP level 1. HP: 14/14 MP: 3/3
   329 | D:1      | Reached XP level 2. HP: 20/20 MP: 0/5
  1108 | D:1      | Reached XP level 3. HP: 26/26 MP: 4/6
  1420 | D:1      | Learned a level 3 spell: Swiftness
  1559 | D:2      | Reached skill level 4 in Air Magic
  1702 | D:2      | Found a faded altar of an unknown god.
  2385 | D:3      | Identified a scroll of acquirement
  2385 | D:3      | Acquired a staff of air
  2555 | D:3      | Reached XP level 4. HP: 30/33 MP: 4/7
  2582 | D:3      | Found a bloodstained altar of Trog.
  2684 | D:3      | Found a glowing drain.
  2688 | Sewer    | Entered a sewer
  3177 | Sewer    | HP: 1/33 [poisoned by an adder]
  3178 | Sewer    | Succumbed to an adder's poison

Illustrated notes

Levels and vault maps discovered:
D:1:      onia_arrival_handbag, layout_basic
D:2:      layout_rooms, shapermc_ecumenical_altar_acropolis
D:3:      layout_loops_corners, bloody_trog, gup_sewer_entry_bowl, minivault_24,
          corner_web_ring, minmay_liquid_box
Sewer:    sewer_fruit_machine

Skill      XL: |  1  2  3 |
---------------+----------+-----
Air Magic      | 4 |  4.7
Conjurations   | 2 |  2.8
Short Blades   | |  0.2
Dodging        | |  1.7
Stealth        | |  1.7
Spellcasting   | |  2.0

Action                   |  1- 3 |  4- 6 || total
-------------------------+-------+-------++-------
Melee: Dagger            |    25 |       ||    25
       Tailslap          |     2 |     2 ||     4
       Staff             |       |    13 ||    13
 Cast: Shock             |    77 |    36 ||   113
  Use: Scroll            |     3 |       ||     3
       Potion            |       |     2 ||     2
Armor: Skin              |    20 |    12 ||    32
Dodge: Dodged            |    21 |    31 ||    52
